Map: King's Cove LE

Players

Mez

  • Race: Terran Terran
  • League: Master
  • Spawn Location: 11:00

A.I. 1 (Very Easy) - Winner!

  • Race: Terran Terran
  • Spawn Location: 5:00

VOD

Have the link to the VOD?

Description

Time

  • Played on: Aug. 15, 2019, 7:13 a.m.
  • Length: 3:31
Show
View Real Time Build Order
Export as new Build Order

Mez Terran 

Build Orders: Reaper Expand 

Get SALT Encoding   

  12  0:00  SCV  
  13  0:13  SCV  
  14  0:18  Supply Depot  
  14  0:25  SCV  
  15  0:40  SCV, Barracks  
  16  0:46  Refinery  
  16  0:52  SCV  
  17  1:04  SCV  
  18  1:16  SCV  
  19  1:28  Orbital Command  
  19  1:30  Reaper  
  20  1:44  Command Center  
  20  1:55  SCV  
  20  2:00  Supply Depot  
  21  2:02  Marine  
  21  2:08  SCV  
  23  2:14  Factory  
  23  2:19  Refinery  
  23  2:22  SCV  
  24  2:25  Barracks Reactor  
  24  2:34  SCV  
  25  2:46  SCV  
  25  2:49  Command Center  
  26  2:59  Refinery  
  26  3:05  Hellion x2  
  30  3:08  SCV  
  32  3:27  Starport  
Show
View Real Time Build Order
Export as new Build Order

A.I. 1 (Very Easy) Terran - Winner!

Build Orders:  

Get SALT Encoding   

  12  0:00  SCV  
  13  0:13  SCV  
  14  0:19  Supply Depot  
  14  0:38  Refinery  
  14  0:43  Barracks  
  14  1:06  Supply Depot  
  14  1:14  Refinery  
  14  1:30  Marine  
  14  1:32  Orbital Command  
  15  1:58  SCV  
  16  2:04  Marine  
  17  2:10  SCV  
  18  2:22  SCV  
  19  2:34  SCV  
  20  2:39  Marine  
  21  2:46  SCV  
  22  2:58  SCV  
Tags
 
Add a new tag
Caveats
  • Supply blocks, unpowered buildings, or Contaminate may cause inaccurate times.
  • Supply counts are checked every 10 seconds.